AoeStats
← Dragon

Arena

509204908Analyzed
3v3 RM · 6d ago on Sep 25, 2026· 62m 31s· 6 players
Game mode
Random Map
Map size
Normal (6 player)
Population
200
Speed
Normal
Resources
Standard
Victory
Conquest
Starting age
Dark Age
Ending age
Imperial Age
RankedLock teamsTeams togetherTeam positionsShared explorationLock speedFull tech treeHidden civsTurbo modeCheats
Victory
Defeat
🇩🇪 Saxons · Germany
1292
+14
🇩🇪 Danes · Germany
1284
+14
🇩🇪 Portuguese · Germany
1258
+15
🇺🇸 Saxons · United States
1247
-15
🇸🇪 Bohemians · Sweden
1245
-14
🇺🇸 Shu · United States
1238
-14
AaronPaulus
11:04 Feudal Age
10:14 Loom
11:53 Double-Bit Axe
16:47 Castle Age
14:59 Gold Mining
15:45 Fletching
16:53 Horse Collar
16:56 Crossbowman
19:24 Bow Saw
20:59 Bodkin Arrow
21:27 Scale Mail Armor
27:03 Wheelbarrow
28:49 Chain Mail Armor
33:30 Imperial Age
31:29 Thumb Ring
31:27 Padded Archer Armor
32:02 Heavy Plow
33:19 Town Watch
34:24 Bracer
35:29 Conscription
35:16 Arbalester
37:41 Plate Mail Armor
37:23 Forging
37:52 Elite White Feather Guard
39:52 Leather Archer Armor
40:00 Hand Cart
57:53 Heavy Hei Guang Cavalry
58:45 Scale Barding Armor
scarabe
12:35 Feudal Age
10:51 Loom
17:00 Castle Age
14:58 Double-Bit Axe
16:21 Horse Collar
16:46 Fletching
17:00 Padded Archer Armor
20:15 Chemistry
19:57 Crossbowman
23:39 Leather Archer Armor
30:45 Bow Saw
36:43 Imperial Age
36:26 Wheelbarrow
35:37 Town Watch
48:33 Murder Holes
49:03 Heavy Plow
50:26 Bodkin Arrow
56:06 Ring Archer Armor
55:37 Bracer
LazyJames
11:03 Feudal Age
14:54 Castle Age
12:53 Double-Bit Axe
14:20 Horse Collar
17:11 Bow Saw
18:01 Heavy Plow
22:38 Wheelbarrow
21:52 Loom
24:46 Hand Cart
24:50 Crossbowman
26:41 Fletching
27:15 Gold Mining
29:09 Ballistics
29:20 Bodkin Arrow
30:00 Padded Archer Armor
31:32 Stone Mining
34:25 Imperial Age
32:24 Thumb Ring
31:58 Pikeman
31:58 Man-at-Arms
32:03 Pikeman
32:43 Squires
32:29 Gambesons
32:30 Arson
33:43 Leather Archer Armor
33:29 Scale Mail Armor
33:39 Forging
35:13 Forging
35:21 Chain Mail Armor
35:10 Bracer
34:33 Arbalester
36:17 Chemistry
35:08 Elite Varangian Guard
35:09 Halberdier
37:08 Iron Casting
37:07 Ring Archer Armor
37:16 Conscription
36:28 Clerical Recruitment
38:05 Plate Mail Armor
37:52 Halberdier
39:52 Conscription
41:39 Siege Engineers
43:35 Shield Wall
siggi-lok
5:13 Loom
12:29 Feudal Age
16:20 Castle Age
15:05 Double-Bit Axe
15:02 Horse Collar
18:17 Heavy Plow
32:51 Imperial Age
30:39 Bow Saw
30:58 Town Watch
31:48 Wheelbarrow
31:07 Gold Mining
31:17 Stone Mining
32:11 Fletching
33:05 Hand Cart
32:50 Town Patrol
34:34 Chemistry
33:39 Arquebus
34:00 Conscription
33:59 Fortified Wall
38:05 Two-Man Saw
37:58 Siege Engineers
37:15 Elite Organ Gun
48:00 Murder Holes
48:16 Masonry
47:47 Treadmill Crane
48:28 Ballistics
55:00 Architecture
Dragon
10:55 Feudal Age
15:29 Castle Age
16:39 Double-Bit Axe
16:37 Horse Collar
17:04 Gold Mining
25:54 Wheelbarrow
25:34 Bow Saw
26:30 Loom
27:24 Hand Cart
30:43 Imperial Age
30:11 Heavy Plow
29:59 Clerical Recruitment
31:04 Redemption
31:16 Sanctity
31:18 Capped Ram
32:27 Conscription
31:30 Shield Wall
34:09 Scale Mail Armor
34:19 Forging
33:40 Siege Ram
35:26 Chain Mail Armor
36:10 Elite Hearth Troop
37:55 Plate Mail Armor
38:01 Iron Casting
38:53 Fletching
39:01 Onager
39:51 Squires
39:37 Arson
40:05 Elite Skirmisher
40:46 Bodkin Arrow
40:51 Padded Archer Armor
42:47 Gambesons
44:45 Town Watch
45:04 Bracer
45:19 Leather Archer Armor
51:09 Fortified Wall
51:20 Ballistics
52:00 Chemistry
52:49 Ring Archer Armor
52:27 Siege Engineers
53:07 Thumb Ring
53:49 Crop Rotation
54:23 Two-Man Saw
54:59 Crossbowman
56:24 Arrowslits
56:55 Masonry
56:17 Arbalester
Who am I
10:44 Feudal Age
11:58 Double-Bit Axe
14:30 Castle Age
12:27 Horse Collar
15:54 Wheelbarrow
15:35 Arson
17:29 Loom
23:17 Squires
26:13 Heavy Plow
26:35 Bow Saw
28:32 Gold Mining
30:46 Hand Cart
34:45 Imperial Age
33:22 Gold Shaft Mining
32:39 Stone Mining
32:46 Fletching
34:25 Masonry
33:45 Hamask
34:24 Bodkin Arrow
34:30 Scale Mail Armor
34:40 Forging
35:14 Stone Shaft Mining
34:49 Onager
38:23 Conscription
38:51 Siege Engineers
39:02 Siege Onager
43:01 Elite Varangian Guard
46:35 Chain Mail Armor
46:55 Iron Casting
46:35 Pikeman
47:01 Gambesons
47:08 Halberdier
48:33 Plate Mail Armor
49:05 Blast Furnace
48:06 Bracer
47:54 Northmen's Fury
Connection lost

Rejoining the realm…

Still unreachable

The connection could not be restored.

Session expired

The server has moved on; the page needs a fresh start.